 Dungeon Crawl Stone Soup version 0.27-a0-1347-gd8886f0a89 (webtiles) character file.

Game seed: 17740121778415645558

13309 freelancePsychic the Carver (level 11, -2/89 (90) HPs)
             Began as a Demonspawn Gladiator on June 28, 2021.
             Was a Priest of Qazlal.
             Killed by divine providence
             ... invoked by an orc high priest
              (15 damage)
             ... on level 2 of the Orcish Mines.
             The game lasted 00:25:11 (13105 turns).

freelancePsychic the Carver (Demonspawn Gladiator) Turns: 13105, Time: 00:25:12

HP:   -2/89 (90)    AC: 13    Str: 18    XL:     11   Next: 73%
MP:   16/16         EV: 15    Int: 10    God:    Qazlal [***...]
Gold: 787           SH: 10    Dex: 14    Spells: 10/10 levels left

rFire    . . .     SeeInvis .   c - +2 double sword (venom)
rCold    . . .     Faith    .   (no shield)
rNeg     . . .     Spirit   .   a - +0 swamp dragon scales
rPois    +         Reflect  .   (helmet restricted)
rElec    .         Harm     .   (no cloak)
rCorr    .         Rampage  .   s - +0 pair of gloves
Will     .....                  (no boots)
Stlth    +.........             J - amulet of regeneration
HPRegen  0.00/turn              j - +4 ring of protection
MPRegen  0.15/turn              u - +4 ring of evasion

@: lightly drained
A: antennae 2, large bone plates 2, powered by death 1, inhibited regeneration
a: Renounce Religion, Upheaval, Elemental Force


You were on level 2 of the Orcish Mines.
You worshipped Qazlal.
Qazlal was most pleased with you.
You visited 2 branches of the dungeon, and saw 14 of its levels.

You collected 1037 gold pieces.
You spent 250 gold pieces at shops.

Inventory:

Hand Weapons
 c - a +2 double sword of venom (weapon)
 d - a +1 whip of electrocution
Missiles
 C - 4 throwing nets
 G - a curare-tipped dart
Armour
 a - +0 swamp dragon scales (worn)
 r - a +0 plate armour
 s - a +0 pair of gloves (worn)
Jewellery
 j - a +4 ring of protection (left hand)
 u - a +4 ring of evasion (right hand)
 F - the macabre finger necklace {rN+}
   (You found it on level 9 of the Dungeon)

   [amulet of nothing]

   It enables you to equip an extra ring.rN: It protects you from negative
   energy.
 J - an amulet of regeneration (around neck)
Wands
 b - a wand of flame (8)
 h - a wand of polymorph (5) (quivered)
 x - a wand of digging (12)
 I - a wand of mindburst (10)
Scrolls
 k - 3 scrolls of noise
 m - a scroll of amnesia
 v - a scroll of fear
 w - 2 scrolls of vulnerability
 y - 3 scrolls of magic mapping
 E - a scroll of torment
Potions
 e - a potion of heal wounds {@q2}
 f - a potion of degeneration {unknown}
 g - a potion of ambrosia {unknown}
 i - 3 potions of curing {@q1}
 l - 4 potions of brilliance {unknown}
 n - a potion of haste {unknown}
 o - 2 potions of flight {unknown}
 p - 2 potions of cancellation
 q - a potion of invisibility {unknown}
 t - a potion of might {unknown}
 z - a potion of lignification {unknown}
 D - a potion of resistance {unknown}
 H - 2 potions of magic {unknown}


   Skills:
 - Level 9.7 Fighting
 - Level 1.3(8.3) Short Blades
 * Level 12.5(12.6) Long Blades
 - Level 4.4 Maces & Flails
 - Level 1.7 Throwing
 - Level 3.8 Armour
 - Level 2.6 Dodging
 - Level 7.9 Invocations


You had 10 spell levels left.
You didn't know any spells.
Your spell library contained the following spells:

 Spells                   Type           Power      Damage    Failure   Level
 Beastly Appendage        Tmut           0%         N/A       54%         1
 Corona                   Hex            0%         N/A       54%         1
 Magic Dart               Conj           0%         1d3       54%         1
 Sandblast                Erth           0%         2d4       54%         1
 Summon Small Mammal      Summ           0%         N/A       54%         1
 Blink                    Tloc           N/A        N/A       69%         2
 Call Imp                 Summ           0%         N/A       69%         2
 Ensorcelled Hibernation  Hex/Ice        0%         N/A       69%         2
 Passwall                 Tmut/Erth      0%         N/A       69%         2
 Slow                     Hex            0%         N/A       69%         2
 Wereblood                Tmut           0%         N/A       69%         2
 Call Canine Familiar     Summ           0%         N/A       89%         3
 Confusing Touch          Hex            0%         N/A       89%         3
 Conjure Flame            Conj/Fire      0%         6-21      89%         3
 Dazzling Flash           Conj/Hex       0%         N/A       89%         3
 Mephitic Cloud           Conj/Pois/Air  0%         N/A       89%         3
 Spider Form              Tmut/Pois      0%         N/A       89%         3
 Stone Arrow              Conj/Erth      0%         3d7       89%         3
 Summon Guardian Golem    Hex/Summ       0%         N/A       89%         3
 Tukima's Dance           Hex            0%         N/A       89%         3
 Ice Form                 Ice/Tmut       0%         N/A       100%        4
 Petrify                  Tmut/Erth      0%         N/A       100%        4
 Summon Ice Beast         Ice/Summ       0%         N/A       100%        4
 Summon Lightning Spire   Summ/Air       0%         N/A       100%        4
 Lee's Rapid Deconstruct  Erth           0%         3d5*      100%        5


Dungeon Overview and Level Annotations

Branches:
Dungeon (12/15)            Temple (0/1) D:4            Lair (0/6) D:9
    Orc (2/2) D:9             Elf (0/3) Orc:2

Altars:
Elyvilon
Fedhas
Nemelex Xobeh
Qazlal
Ru
Trog
Yredelemnul
The Shining One

Shops:
D:2 *   D:4 (   D:6 [

Annotations:
D:9 1 runed translucent door, dinky3's ghost, novice KoDe
D:10 exclusion: 2 obsidian statues


Innate Abilities, Weirdness & Mutations

You have a pair of antennae on your head.
You are mostly covered in large bone plates. (SH +6)
You regenerate a little health from kills.
You do not regenerate when monsters are visible.


Message History

The orc high priest shouts!
Qazlal accepts your kill.
Reactivating autopickup.
You feel a bit more experienced.
The orc wizard points at you and mumbles some strange words.
The magic dart hits you.
The orc high priest utters an invocation to Beogh.
The orc shouts! x2
You block the orc warrior's attack.
You slash the orc wizard!
You kill the orc wizard!
Qazlal accepts your kill.
The orc high priest invokes the aid of Beogh against you.
Beogh smites you! The orc warrior closely misses you.
The orc high priest mumbles some strange prayers to Beogh.
You slash the chaos spawn!
The chaos spawn is poisoned.
The chaos spawn is moderately wounded.
The sun demon barely misses you.
You riposte.
You hit the sun demon but do no damage. The chaos spawn closely misses you.
The ice devil barely misses you.
You riposte.
You slice the ice devil!!
The ice devil is poisoned.
The ice devil is heavily wounded.
The sun demon hits you.
* * * LOW HITPOINT WARNING * * *
You are engulfed in flames!
* * * LOW HITPOINT WARNING * * *
You feel much better. You block the orc warrior's attack.
You block the chaos spawn's attack. The sun demon closely misses you.
The ice devil hits you. The ice devil freezes you!
* * * LOW HITPOINT WARNING * * *
You block the chaos spawn's attack. The sun demon closely misses you.
You riposte.
You slash the sun demon!
The sun demon is poisoned.
The sun demon is lightly wounded.
The sun demon is struck by lightning.
You hear a shout!
An ogre comes into view. It is wielding a +0 giant club.
The ogre shouts!
The orc high priest mumbles some strange prayers to Beogh against you.
Beogh smites you!
You die...

.............o##....#....
.....O.......#####...#...
...........o######.......
.......$$#.####P###......
.......[..####...####.#..
.........## #P.≈PP# ####.
......#..## #P.≈..# ##..
..........###≈PP.≈# ##...
........@..##.o≈P≈# #.#..
.......☼34###.###.# #....
........o.##..# . .##.>..
..........##.## #. ##....
.......o§##..# #..###...
.......4o#o..# #.#.#...
.........o..## #.......
........)..## #.......
........)### ####....


You could see an orc high priest, a sun demon (summoned, very poisoned), an ice
devil (summoned, very poisoned), a chaos spawn (summoned, very poisoned), an orc
warrior, an ogre and 2 orcs.

Vanquished Creatures
  3 two-headed ogres
  An orc knight (Orc:1)
  An ugly thing (D:9)
  2 orc sorcerers (Orc:2)
  A cyclops (Orc:1)
  2 kobold demonologists (D:8)
  A komodo dragon (D:10)
  5 trolls
  A hornet (D:9)
  A shadow (D:9)
  A wraith (D:11)
  2 wyverns
  A basilisk (D:9)
  10 yaks (D:10)
  Menkaure (D:5)
  2 water moccasins
  3 black bears
  An ice beast (D:8)
  11 orc warriors
  A hornet zombie (D:8)
  9 ogres
  3 necrophages
  4 centaurs
  A bullfrog (D:7)
  A gnoll sergeant (D:10)
  A kobold brigand (D:9)
  3 scorpions
  A wyvern zombie (D:7)
  3 killer bees (D:10)
  A howler monkey (D:10)
  3 centaur zombies
  A bullfrog zombie (D:5)
  A bullfrog skeleton (D:5)
  2 hounds
  10 orc priests
  3 jellies
  An iguana (D:4)
  13 orc wizards
  Natasha (thrice) (D:4)
  2 howler monkey zombies
  7 gnolls
  A howler monkey skeleton (D:6)
  3 adders
  A river rat (D:10)
  4 white imps
  An ufetubus (D:4)
  3 worms
  5 dart slugs
  43 orcs
  3 ball pythons
  16 endoplasms
  5 giant cockroaches
  10 goblins
  4 hobgoblins
  3 jackals (D:1)
  7 quokkas
  7 bats
  2 frilled lizards
  21 kobolds
  3 rats
266 creatures vanquished.

Vanquished Creatures (others)
  17 fungi
  2 plants (D:2)
  9 toadstools (D:2)
28 creatures vanquished.

Grand Total: 294 creatures vanquished

Notes
Turn   | Place    | Note
-------+----------+-------------------------------------------
     0 | D:1      | freelancePsychic the Demonspawn Gladiator began the quest
                  | for the Orb.
     0 | D:1      | Reached XP level 1. HP: 16/16 MP: 1/1
     6 | D:1      | Noticed a wyvern
     6 | D:1      | Noticed a scorpion
     6 | D:1      | Noticed a black bear
     7 | D:1      | Noticed a wolf
     7 | D:1      | Noticed a komodo dragon
   310 | D:1      | Gained mutation: You are partially covered in large bone
                  | plates. (SH +4) [demonic ancestry]
   310 | D:1      | Reached XP level 2. HP: 21/22 MP: 2/2
   706 | D:1      | Reached XP level 3. HP: 27/27 MP: 3/3
  1276 | D:2      | Found a faded altar of an unknown god.
  1493 | D:2      | Found Zuluczoz's General Store.
  1577 | D:2      | Reached skill level 1 in Short Blades
  1596 | D:2      | Gained mutation: You have a pair of small antennae on your
                  | head. [demonic ancestry]
  1596 | D:2      | Reached XP level 4. HP: 27/34 MP: 4/4
  1792 | D:2      | HP: 1/34 [kobold (11)]
  2585 | D:3      | Gained mutation: You have a pair of antennae on your head.
                  | [demonic ancestry]
  2585 | D:3      | Reached XP level 5. HP: 41/41 MP: 5/5
  2805 | D:4      | Found Fexujocs's Weapon Boutique.
  2810 | D:4      | Found a basalt altar of Yredelemnul.
  2827 | D:4      | You fall into a shaft and drop 3 floors!
  2883 | D:6      | Reached skill level 2 in Long Blades
  2981 | D:5      | Entered Level 5 of the Dungeon
  3073 | D:5      | Found a sacrificial altar of Ru.
  3086 | D:5      | Noticed a sky beast
  3116 | D:5      | Became a worshipper of Ru the Awakened
  3191 | D:5      | Found a bloodstained altar of Trog.
  3219 | D:5      | Noticed a black bear
  3265 | D:5      | Reached skill level 3 in Long Blades
  3265 | D:5      | Gained mutation: You regenerate a little health from kills.
                  | [demonic ancestry]
  3265 | D:5      | Reached XP level 6. HP: 29/47 MP: 6/6
  3443 | D:5      | Reached skill level 4 in Long Blades
  3877 | D:4      | Noticed Natasha
  3879 | D:4      | You fall into a shaft and drop 3 floors!
  4320 | D:4      | Found a staircase to the Ecumenical Temple.
  4328 | D:4      | Reached XP level 7. HP: 49/52 MP: 7/7
  4357 | D:4      | Killed Natasha
  4358 | D:4      | Reached skill level 5 in Long Blades
  4369 | D:4      | Noticed Natasha
  4386 | D:4      | Killed Natasha
  4786 | D:4      | Found a sparkling altar of Nemelex Xobeh.
  4786 | D:4      | Found a stormy altar of Qazlal.
  4813 | D:4      | Noticed Natasha
  4821 | D:4      | Killed Natasha
  5024 | D:4      | Fell from the grace of Ru
  5024 | D:4      | Became a worshipper of Qazlal Stormbringer
  5143 | D:4      | Bought a +1 double sword of venom for 250 gold pieces
  5188 | D:5      | Reached skill level 6 in Long Blades
  5498 | D:5      | Reached skill level 7 in Long Blades
  5498 | D:5      | Reached XP level 8. HP: 58/58 MP: 8/8
  5646 | D:5      | Noticed Menkaure
  5660 | D:5      | Killed Menkaure
  5994 | D:6      | Found Deopn's Antique Armour Shoppe.
  6657 | D:7      | Reached skill level 8 in Long Blades
  6742 | D:7      | Reached skill level 5 in Fighting
  6852 | D:7      | Gained mutation: You are mostly covered in large bone
                  | plates. (SH +6) [demonic ancestry]
  6852 | D:7      | Reached XP level 9. HP: 69/69 MP: 9/9
  7091 | D:8      | Reached * piety under Qazlal
  7220 | D:8      | Reached skill level 9 in Long Blades
  7603 | D:7      | Reached skill level 1 in Invocations
  8271 | D:8      | Found a blossoming altar of Fedhas.
  8482 | D:9      | Found a runed translucent door.
  8482 | D:9      | Noticed dinky3's ghost (novice KoDe)
  8742 | D:9      | Found the macabre finger necklace {rN+}
  8770 | D:9      | Reached skill level 5 in Invocations
  8770 | D:9      | Found a staircase to the Lair.
  8986 | D:9      | Noticed a troll
  8991 | D:9      | Killed a troll
  8992 | D:9      | Reached skill level 10 in Long Blades
  8995 | D:9      | Noticed a purple ugly thing
  9026 | D:9      | Killed a purple ugly thing
  9027 | D:9      | Reached XP level 10. HP: 44/77 MP: 13/15
  9501 | D:9      | Found a staircase to the Orcish Mines.
 10435 | D:10     | Entered Level 10 of the Dungeon
 11123 | D:10     | Reached ** piety under Qazlal
 11359 | D:10     | Noticed a two-headed ogre
 11361 | D:10     | Reached skill level 11 in Long Blades
 11378 | D:10     | Killed a two-headed ogre
 11461 | D:10     | Noticed Maggie
 11465 | D:10     | Noticed Maggie
 11465 | D:10     | Maggie changed into Maggie the wyvern
 11469 | D:10     | Killed Maggie the wyvern
 11678 | D:10     | Noticed a two-headed ogre
 11710 | D:10     | Killed a two-headed ogre
 11711 | D:10     | Reached XP level 11. HP: 52/87 MP: 16/16
 11885 | D:10     | Noticed an obsidian statue
 11885 | D:10     | Noticed an obsidian statue
 12199 | D:11     | Reached skill level 1 in Armour
 12269 | D:11     | Noticed a two-headed ogre
 12292 | D:11     | Killed a two-headed ogre
 12388 | D:11     | You fall into a shaft and drop 1 floor!
 12388 | D:12     | Noticed a deep elf pyromancer
 12508 | Orc:1    | Entered Level 1 of the Orcish Mines
 12738 | Orc:2    | Entered Level 2 of the Orcish Mines
 12764 | Orc:1    | Reached skill level 12 in Long Blades
 12807 | Orc:2    | Reached *** piety under Qazlal
 12837 | Orc:2    | Noticed an orc sorcerer
 12845 | Orc:2    | Noticed a sun demon
 12847 | Orc:2    | Killed an orc sorcerer
 12885 | Orc:2    | Noticed an orc knight
 12935 | Orc:1    | Killed an orc knight
 12977 | Orc:2    | Found a staircase to the Elven Halls.
 13049 | Orc:2    | Noticed an orc high priest
 13055 | Orc:2    | Gained mutation: You do not regenerate when monsters are
                  | visible. [a neqoxec]
 13058 | Orc:2    | Noticed an orc sorcerer
 13091 | Orc:2    | Killed an orc sorcerer
 13094 | Orc:2    | Noticed a sun demon
 13105 | Orc:2    | Killed from afar by an orc high priest

Illustrated notes

Levels and vault maps discovered:
D:1:      onia_arrival_zoo_common, layout_loops_ring, minmay_misc_feat_cross
D:2:      cheibrodos_fertilizer, layout_rooms,
          shapermc_ecumenical_altar_mp_ritualfount, serial_shops,
          shop_fountains, minmay_tetromino_i2
D:3:      minmay_diamond_boxcup, layout_loops_cross, hangedman_decor_growths
D:4:      layout_cave_pools, lemuel_doored_altar,
          gammafunk_temple_overflow_elements, minmay_temple_entry_sparse_star,
          serial_shops, shop_statue, minmay_diced_spiral, uniq_natasha
D:5:      layout_loops_corners, tso_metal_star, kennysheep_mini,
          hangedman_ru_absence, uniq_menkaure
D:6:      layout_loops_ring, serial_aquarium, aquarium_bridge_island_small
          [aquarium_subvault_small_open, aquarium_subvault_window,
          aquarium_subvault_bridge, aquarium_subvault_balcony,
          aquarium_subvault_bridge], aquarium_window_1, aquarium_window_fake,
          aquarium_window_corridor_3, aquarium_view_2d, aquarium_pool_1,
          serial_shops, nicolae_shop_statue_plus, item_on_display_a
D:7:      layout_rooms, minivault_25
D:8:      layout_cave_pods, kennysheep_mini_moat, amcnicky_altar_gilded,
          serial_column_ruins, column_ruins_grid_2,
          column_ruins_corridor_straight, column_ruins_open_small,
          minmay_microvault
D:9:      layout_loops_cross, lair_entry_dummy, orc_0_dummy,
          ebering_ghost_reflecting_pool, minivault_11
D:10:     layout_cave_pods, minmay_misc_feat_iff, david_greed, uniq_maggie
D:11:     layout_roguey, elyvilon_altar_1
D:12:     layout_roguey
Orc:1:    layout_caves
Orc:2:    grunt_orc_cross, layout_caves, serial_shops, nicolae_shop_stone,
          nicolae_orc_damp_corner, nicolae_orc_sculptors_studio, mines1_david

Skill      XL: |  1  2  3  4  5  6  7  8  9 10 11 |
---------------+----------------------------------+-----
Maces & Flails | 3 4 |  4.4
Short Blades   | 1 |  1.3
Fighting       | 3 5 6 8 9 |  9.7
Long Blades    | 3 4 7 8 10 11 12 | 12.5
Invocations    | 6 7 |  7.9
Armour         | 3 |  3.8
Throwing       | |  1.7
Dodging        | |  2.6

Action                   |  1- 3 |  4- 6 |  7- 9 | 10-12 || total
-------------------------+-------+-------+-------+-------++-------
Melee: Flail             |    59 |       |       |       ||    59
       Short sword       |    68 |    22 |       |       ||    90
       Whip              |       |   149 |    44 |       ||   193
       Double sword      |       |       |   170 |   301 ||   471
Throw: Throwing net      |       |     7 |     2 |       ||     9
Invok: Upheaval          |       |       |       |     1 ||     1
Evoke: Wand              |       |       |     4 |     6 ||    10
  Use: Scroll            |     3 |     3 |     8 |     5 ||    19
       Potion            |       |     2 |       |     3 ||     5
 Stab: Sleeping          |     1 |       |       |       ||     1
       Held in net/web   |       |     1 |       |       ||     1
Armor: Leather armour    |    27 |       |       |       ||    27
       Scale mail        |     8 |    62 |    30 |       ||   100
       Ring mail         |       |       |    57 |    73 ||   130
       Swamp dragon scal |       |       |       |    62 ||    62
Dodge: Dodged            |    64 |    66 |   107 |   164 ||   401
Block: Other             |    10 |    24 |    57 |   140 ||   231
       Rpst.: Double sword |       |       |    18 |    36 ||    54

Table legend: (Time is in decaauts)
 A = Elapsed time spent in this place.
 B = Non-inter-level travel time spent in this place.
 C = Inter-level travel time spent in this place.
 D = Time resting spent in this place.
 E = Time spent auto-exploring this place.
 F = Levels seen in this place.
 G = Mean time per level.
                   A        B        C        D        E       F      G
               +--------+--------+--------+--------+--------+-----+--------+
         Total |  13095 |  12375 |    720 |   1673 |   8412 |  14 |  935.4 |
       Dungeon |  12540 |  11832 |    708 |   1643 |   8194 |  12 | 1045.0 |
  Orcish Mines |    555 |    543 |     12 |     30 |    218 |   2 |  277.5 |
               +--------+--------+--------+--------+--------+-----+--------+

Top non-repeatable levels by time:
     D:9: 1791 daAuts
    D:10: 1584 daAuts
     D:8: 1523 daAuts
     D:5: 1511 daAuts
     D:4: 1091 daAuts
     D:2: 1048 daAuts
     D:1: 995 daAuts
     D:6: 969 daAuts
     D:3: 927 daAuts
     D:7: 780 daAuts
    D:11: 309 daAuts
   Orc:2: 306 daAuts
   Orc:1: 248 daAuts
    D:12: 7 daAuts
